 Dungeon Crawl Stone Soup version 0.25.0-45-g978344163c (webtiles) character file.

Game seed: 13731074407264130126

319051 sinusoid the Deadly Accurate (level 21, -4/226 HPs)
             Began as a Gnoll Fighter on July 7, 2020.
             Was the Champion of Ashenzari.
             Slain by a tentacled starspawn (15 damage)
             ... on level 3 of the Abyss on July 11, 2020.
             The game lasted 10:13:55 (59307 turns).

sinusoid the Deadly Accurate (Gnoll Fighter)       Turns: 59307, Time: 10:13:56

Health: -4/226     AC: 50    Str: 26      XL:     21   Next: 46%
Magic:  38/38      EV: 11    Int: 31 (32) God:    Ashenzari [******]
Gold:   3215       SH:  0    Dex: 12      Spells: 4/47 levels left

rFire    + + +     SeeInvis +   b - +3 trident of the Wasp {vamp, +Inv +Fly rF+}
rCold    + . .     Gourm    .   (no shield)
rNeg     . . .     Faith    .   a - +11 crystal plate armour of Otwulei {*Slow Int+7}
rPois    +         Spirit   .   j - +5 helmet of Puwiph {Str+4}
rElec    +         Reflect  .   S - +2 cloak {MR+}
rCorr    .         Harm     .   A - +2 pair of gloves {Str+3}
MR       ++...     Clarity  +   O - +0 pair of boots {Stlth+} Stlth ..........Rnd*Tele +
                                z - amulet of the acrobat (curse)
HPRegen  0.47/turn              l - ring "Wutwa" {rElec rPois rF++ rC+ Dex-4} (curse)
MPRegen  0.26/turn              I - +6 ring of intelligence (curse)

@: berserking, studying Throwing, very quick
A: distributed training, fangs 1, frail 1, teleportitis 1, strong nose
}: 2/15 runes: barnacled, gossamer
a: Curse Item, Scrying, Renounce Religion, Evoke Invisibility, Evoke Flight


You were on level 3 of the Abyss.
You worshipped Ashenzari.
Ashenzari was exalted by your worship.
You were not hungry.

You visited 10 branches of the dungeon, and saw 38 of its levels.
You visited the Abyss 2 times.
You also visited: Ice Cave.

You collected 5547 gold pieces.
You spent 2332 gold pieces at shops.

Inventory:

Hand Weapons
 b - the +3 trident of the Wasp (weapon) {vamp, +Inv +Fly rF+}
   (You took it off a gnoll sergeant on level 7 of the Dungeon)

   It inflicts no extra harm, but heals its wielder when it wounds a living foe.
   It protects you from fire.
   It lets you turn invisible.
   It lets you fly.
 k - a +1 battleaxe of pain
 m - a +5 demon trident of flaming
 v - a +2 great mace of holy wrath
Missiles
 d - 2 curare-tipped darts (quivered)
 P - 5 boomerangs of dispersal
Armour
 a - the +11 crystal plate armour of Otwulei (worn) {*Slow Int+7}
   (You found it on level 2 of the Shoals)

   It affects your intelligence (+7).
   It may slow you when you take damage.
 j - the +5 helmet of Puwiph (worn) {Str+4}
   (You found it on level 4 of the Shoals)

   It affects your strength (+4).
 y - a +2 kite shield
 A - a +2 pair of gloves of strength (worn)
 O - a +0 pair of boots of stealth (worn)
 S - a +2 cloak of magic resistance (worn)
Jewellery
 l - the cursed ring "Wutwa" (left hand) {rElec rPois rF++ rC+ Dex-4}
   (You found it on level 3 of the Spider Nest)

   [ring of protection from cold]

   It affects your dexterity (-4).
   It greatly protects you from fire.
   It protects you from cold.
   It insulates you from electricity.
   It protects you from poison.
   It has a curse placed upon it.
 z - a cursed amulet of the acrobat (around neck)
 E - the ring of Sushrioh {rF+ rC+ EV+4}
   (You bought it in a shop on level 2 of the Orcish Mines)

   [ring of evasion]

   It affects your evasion (+4).
   It protects you from fire.
   It protects you from cold.
 I - a cursed +6 ring of intelligence (right hand)
Wands
 n - a wand of paralysis (36)
 q - a wand of clouds (2)
 Q - a wand of disintegration (17)
 W - a wand of enslavement (19)
Scrolls
 g - 7 scrolls of blinking
 i - 9 scrolls of remove curse
 r - 5 scrolls of enchant armour
 s - 4 scrolls of teleportation
 t - 5 scrolls of fear
 w - a scroll of brand weapon
 x - 3 scrolls of fog
 B - 5 scrolls of amnesia
 C - 7 scrolls of magic mapping
 J - a scroll of holy word
 K - a scroll of identify
 Y - 6 scrolls of enchant weapon
Potions
 e - 2 potions of curing
 h - 8 potions of flight
 o - a potion of berserk rage
 D - 5 potions of cancellation
 H - 10 potions of haste
 L - 3 potions of might
 M - 4 potions of brilliance
 N - a potion of mutation
 U - 3 potions of resistance
 X - 3 potions of magic
Books
 Z - a manual of Throwing
Miscellaneous
 c - a tin of tremorstones (3/3)
 p - a lightning rod (4/4)
 u - a box of beasts
 F - 3 phantom mirrors
Comestibles
 f - 38 rations


   Skills:
 + Level 15.0 Fighting
 + Level 13.8 Short Blades
 + Level 13.8 Long Blades
 + Level 14.4 Axes
 + Level 13.8 Maces & Flails
 + Level 13.8 Polearms
 + Level 13.8 Staves
 + Level 13.8 Slings
 + Level 13.8 Bows
 + Level 13.8 Crossbows
 + Level 17.6 Throwing
 + Level 15.0 Armour
 + Level 13.8 Dodging
 + Level 13.8 Stealth
 + Level 15.0 Shields
 + Level 13.8 Unarmed Combat
 + Level 13.8 Spellcasting
 + Level 11.9(16.0) Conjurations
 + Level 11.9(16.0) Hexes
 + Level 11.9(16.0) Charms
 + Level 11.9(16.0) Summonings
 + Level 11.9(16.0) Necromancy
 + Level 11.9(16.0) Translocations
 + Level 11.9(16.0) Transmutations
 + Level 11.9(16.0) Fire Magic
 + Level 11.9(16.0) Ice Magic
 + Level 11.9(16.0) Air Magic
 + Level 11.9(16.0) Earth Magic
 + Level 11.9(16.0) Poison Magic
 + Level 14.9 Invocations
 + Level 13.8(17.9) Evocations


You had 4 spell levels left.
You knew the following spells:

 Your Spells              Type           Power        Failure   Level  Hunger
a - Shroud of Golubria    Chrm/Tloc      ######       1%          2    None
b - Summon Butterflies    Summ           #######.     1%          1    None
c - Corona                Hex            #######      1%          1    None
d - Tukima's Dance        Hex            #######.     1%          3    None
e - Olgreb's Toxic Radia  Pois           #######.     1%          4    None
f - Hydra Form            Tmut           #######...   11%         6    ####...
g - Summon Forest         Summ/Tloc      #######...   1%          5    None
i - Invisibility          Hex            #######.     11%         6    ####...
q - Swiftness             Chrm/Air       #######.     1%          2    None
s - Song of Slaying       Chrm           #######.     1%          2    None
v - Vampiric Draining     Necr           #######...   1%          3    None
w - Spectral Weapon       Hex/Chrm       #######.     1%          3    None
S - Silence               Hex/Air        #######...   1%          5    None

Your spell library contained the following spells:

 Spells                   Type           Power        Failure   Level  Hunger
 Animate Skeleton         Necr           N/A          1%          1    None
 Apportation              Tloc           ######       1%          1    None
 Infusion                 Chrm           ####         1%          1    None
 Pain                     Necr           ####         1%          1    None
 Shock                    Conj/Air       ####         1%          1    None
 Sting                    Tmut/Pois      ####         1%          1    None
 Corpse Rot               Necr/Air       N/A          1%          2    None
 Ensorcelled Hibernation  Hex/Ice        ######       1%          2    None
 Poisonous Vapours        Pois/Air       ######       1%          2    None
 Confusing Touch          Hex            #######.     1%          3    None
 Dazzling Flash           Conj/Hex       ######       1%          3    None
 Ignite Poison            Fire/Tmut/Pois #######.     1%          3    None
 Lesser Beckoning         Tloc           #######...   1%          3    None
 Mephitic Cloud           Conj/Pois/Air  #######.     1%          3    None
 Ozocubu's Armour         Chrm/Ice       #######.     1%          3    None
 Static Discharge         Conj/Air       #######.     1%          3    None
 Stone Arrow              Conj/Erth      ######       1%          3    None
 Airstrike                Air            #######...   1%          4    None
 Animate Dead             Necr           N/A          1%          4    None
 Summon Lightning Spire   Summ/Air       #######.     1%          4    None
 Agony                    Necr           #######.     1%          5    None
 Alistair's Intoxication  Tmut/Pois      #######.     1%          5    None
 Lightning Bolt           Conj/Air       #######...   1%          5    None
 Conjure Ball Lightning   Conj/Air       #######...   11%         6    ####...
 Eringya's Noxious Bog    Tmut/Pois      #######...   11%         6    ####...
 Summon Hydra             Summ           #######...   52%         7    #####..
 Tornado                  Air            #######...   100%        9    #######


Dungeon Overview and Level Annotations

Branches:
Dungeon (15/15)            Temple (1/1) D:6            Lair (6/6) D:11
 Shoals (4/4) Lair:2       Spider (4/4) Lair:4        Slime (1/5) Lair:6
    Orc (2/2) D:12            Elf (1/3) Orc:2        Vaults (1/5) D:13
 Depths (3/5) D:15          IceCv (visited)

Altars:
Ashenzari
Cheibriados
Dithmenos
Elyvilon
Fedhas
Gozag
Hepliaklqana
Kikubaaqudgha
Makhleb
Nemelex Xobeh
Okawaru
Qazlal
Ru
Sif Muna
Trog
Uskayaw
Vehumet
Wu Jian
Xom
Yredelemnul
Zin
The Shining One
Jiyva

Shops:
D:4 :   D:5 *   D:7 (   Orc:2 *?:=([   Shoals:2 %   Depths:2 *

Portals:
Hell: Depths:1 Depths:2
Abyss: Depths:1
Pandemonium: Depths:1
Ziggurat: Depths:1

Annotations:
D:2 1 runed translucent door, Crazy Yiuf
D:13 exclusions: ice statue, obsidian statue and 1 more exclusion
Depths:1 1
Depths:2 exclusion: 2 doors


Innate Abilities, Weirdness & Mutations

Your experience applies equally to all skills.
You have very sharp teeth.
Your uncanny sense of smell can sniff out nearby items.
You are frail. (-10% HP)
You are occasionally teleported next to monsters.


Message History

Okay, then.
Your +2 great mace of holy wrath stops glowing.
You feel a sense of dread.
b - the +3 trident of the Wasp (weapon)
{vamp, +Inv +Fly rF+} A tentacle flies out from the starspawn's body!
A starspawn tentacle comes into view.
Unknown command.
A red film seems to cover your vision as you go berserk!
You feel yourself moving faster!
You feel mighty!
The tentacled starspawn bites you but does no damage.
The tentacled starspawn engulfs you!
* * * LOW HITPOINT WARNING * * *
Unknown command.
You hit the tentacled starspawn.
Your bite misses the tentacled starspawn.
The tentacled starspawn is lightly damaged.
You hit the tentacled starspawn.
The tentacled starspawn is lightly damaged.
The tentacled starspawn bites you!
You die...

* ,* , * ,,
,,,* ** ,*≈ ,
***,,, ,##* ,
,,* ** *,, ,
,,#. , ,*,, ,
,, * ,*,
,#####.{*,, *,
*****,, , ,*
,..... , * * ,*
, ,,*** **#..
## ∆ ** *, ∩, ,
,∆ **,#.#{. **,
, * *,* {∆*
*##.X###*,* *
,,, * ,* # #
.#.#@# ** , **,
*,, ,** ..
,##..#* ,,** ,
* ,* * # # #
,#..#*, * ,* ,
** , *, #
.###.##, , * *,
* , *, ..# #..#
, *, ** ,* * *.
* *.#...# * ,,
* *
,*#....,.##..#*
, ,** ,* , *
,#... #.#####
,,{* * *, *, *
,,v.##. . ,,# ,
, , ,,**


You could see a tentacled starspawn.

Vanquished Creatures
  Bai Suzhen (Shoals:1)
  Nikola (Spider:1)
  A bone dragon (Abyss:1)
  Arachne (Spider:2)
  Jorgrun (D:13)
  Rupert (D:13)
  A lich (Depths:2)
  2 tentacled starspawn
  Kirke (Lair:4)
  3 frost giants
  5 ghost moths
  A fire giant (Depths:2)
  A balrug (Abyss:1)
  Ilsuiw (Shoals:3)
  2 orc warlords
  3 vault wardens (Vaults:1)
  The ghost of Curus the Fighter, a journeyman DsGl of Okawaru (Lair:6)
  An ironheart preserver (Vaults:1)
  8 emperor scorpions
  A juggernaut skeleton (Depths:1)
  A spriggan defender (Depths:3)
  2 very ugly things
  4 stone giants
  2 entropy weavers
  A deep elf demonologist (Vaults:1)
  20 starcursed masses
  Nessos (D:12)
  A deep elf annihilator (Vaults:1)
  A lorocyproca (Abyss:1)
  A white draconian (Abyss:1)
  A minotaur (Lair:6)
  3 spark wasps (Spider:4)
  A dire elephant (D:15)
  A fire dragon (Depths:1)
  The ghost of kalagan the Basher, a journeyman GrFi of the Shining One (Lair:4)
  12 merfolk impalers
  2 merfolk javelineers
  A blizzard demon (Depths:1)
  Josephine (D:15)
  3 jiangshi (Depths:2)
  Erolcha (D:12)
  A great orb of eyes (Depths:2)
  7 ogre magi
  A spriggan air mage (Depths:2)
  6 hydras
  3 vault guards
  3 ice dragons
  2 catoblepae (Lair:5)
  5 merfolk avatars
  4 merfolk aquamancers
  3 alligator snapping turtles
  5 centaur warriors
  3 satyrs
  24 two-headed ogres
  7 dancing weapons (Spider:1)
  An alligator (Shoals:2)
  2 vampire magi
  A tengu warrior (Depths:1)
  5 thrashing horrors
  14 death yaks
  3 orc high priests (Orc:2)
  3 deep troll earth magi (Depths:2)
  A spriggan berserker (Depths:2)
  Sonja (D:13)
  2 deep elf knights (Vaults:1)
  6 skeletal warriors (D:15)
  A quicksilver dragon simulacrum (Depths:1)
  9 deep trolls (Depths:2)
  4 hell knights (Depths:1)
  18 sea snakes
  A spatial maelstrom (Abyss:1)
  2 wretched stars
  3 glowing orange brains
  6 unseen horrors
  An orange crystal statue (Abyss:3)
  2 wizards
  3 deep elf archers (Vaults:1)
  2 wolf spider zombies
  Pikel (D:5)
  A kraken simulacrum (Shoals:4)
  7 necromancers
  11 orc knights
  An orb spider (shapeshifter) (Depths:2)
  4 ironbrand convokers (Vaults:1)
  5 orc sorcerers
  18 harpies
  49 ugly things
  The ghost of Exodus22XD the Poker, a novice DsGl (D:7)
  16 orb spiders
  A wolf spider (shapeshifter) (Vaults:1)
  6 oklob plants
  8 deep elf magi
  A stone giant zombie (Depths:1)
  34 wolf spiders
  5 cyclopes
  A worldbinder (Abyss:2)
  A salamander (D:15)
  14 manticores
  2 fauns
  A fire giant skeleton (Depths:1)
  A moth of wrath (Spider:4)
  5 elephants (Lair:6)
  Maurice (D:12)
  3 vault sentinels (Vaults:1)
  2 rust devils (Depths:1)
  A torpor snail (Spider:4)
  10 merfolk sirens
  An ice statue (IceCv)
  A black mamba (Lair:1)
  A gargoyle (D:11)
  4 water nymphs
  Psyche (D:9)
  Maggie (D:9)
  6 centaur skeletons
  16 spiny frogs
  4 yaktaurs
  A hellion (Abyss:1)
  4 rime drakes
  4 efreet
  A tormentor (Abyss:3)
  5 komodo dragons
  3 freezing wraiths
  A hellwing (Depths:1)
  11 demonic crawlers
  An ancient zyme (Abyss:1)
  2 ice devils (D:12)
  12 trolls
  14 polar bears
  22 merfolk
  Prince Ribbit (D:9)
  6 wind drakes
  19 jumping spiders
  12 hornets
  A meliai (shapeshifter) (Vaults:1)
  A raiju (Abyss:1)
  11 dream sheep
  7 blink frogs
  16 slime creatures
  A frost giant simulacrum (Depths:1)
  10 hippogriffs
  15 snapping turtles
  24 tarantellas
  12 flying skulls
  Sigmund (D:3)
  A shadow (D:13)
  3 wyverns
  82 redbacks
  4 hogs
  5 wraiths
  61 yaks
  10 water elementals
  A vampire (D:13)
  5 hungry ghosts
  3 ynoxinuls
  3 basilisks
  A chaos spawn (Abyss:3)
  3 fire bats (Depths:3)
  Menkaure (D:7)
  4 vampire mosquitoes (D:15)
  5 neqoxecs
  2 acid dragons
  12 wargs
  3 large abominations
  A spatial vortex (Abyss:3)
  A tengu zombie (Depths:1)
  12 water moccasins
  A floating eye (shapeshifter) (D:13)
  33 orc warriors
  10 porcupines
  An ice beast (shapeshifter) (Abyss:1)
  7 sky beasts
  2 slaves (D:5)
  4 ice beasts
  A necrophage (D:6)
  5 phantoms
  23 ogres
  A black bear (D:7)
  3 ettin simulacra (Depths:2)
  7 boggarts
  4 eyes of draining
  20 wolves
  34 centaurs
  11 crocodiles
  2 big kobolds
  28 bullfrogs
  4 gnoll sergeants (D:7)
  A glowing shapeshifter simulacrum (Vaults:1)
  12 small abominations
  2 wyvern skeletons
  7 scorpions
  12 killer bees
  A wight (D:11)
  7 howler monkeys
  An electric eel (Spider:2)
  2 lava snakes (D:8)
  4 crimson imps
  3 bullfrog zombies
  5 centaur zombies
  2 quasits
  3 hounds
  A gnoll shaman (D:7)
  19 orc wizards
  13 orc priests
  3 jellies
  3 iguanas
  15 worker ants
  A killer bee zombie (D:8)
  2 hound skeletons
  3 mummies (D:15)
  A worker ant zombie (D:6)
  18 gnolls
  A howler monkey skeleton (D:9)
  15 adders
  3 shadow imps
  3 oozes
  An adder zombie (D:6)
  A worm (D:2)
  2 adder skeletons
  2 dart slugs
  3 leopard geckos
  82 orcs
  9 bats
  6 giant cockroaches
  10 goblins
  8 hobgoblins
  5 jackals
  3 quokkas
  2 ball pythons
  4 frilled lizards
  12 kobolds
  A quokka skeleton (D:6)
  11 rats
  A bush (Lair:1)
  11 fungi
  7 plants
  2 spectral weapons
  A tentacle (Shoals:4)
1498 creatures vanquished.

Vanquished Creatures (collateral kills)
  A wolf spider (Spider:4)
1 creature vanquished.

Vanquished Creatures (others)
  A spark wasp (Spider:4)
  A tarantella (Spider:1)
  A redback (Spider:3)
  A small abomination (Abyss:3)
  A slave (D:5)
  2 boggarts (Depths:2)
  A howler monkey (D:5)
  A crimson imp (D:5)
  3 gnolls (D:5)
  A ball python (D:5)
  A leopard gecko zombie (D:5)
  24 fungi
  A lurking horror (Abyss:3)
  14 plants
  28 spectral weapons
  4 starspawn tentacles
  3 tentacles (Shoals:4)
  2 withered plants (D:15)
90 creatures vanquished.

Grand Total: 1589 creatures vanquished

Notes
Turn   | Place    | Note
-------+----------+-------------------------------------------
     0 | D:1      | sinusoid the Gnoll Fighter began the quest for the Orb.
     0 | D:1      | Reached XP level 1. HP: 23/23 MP: 1/1
   125 | D:1      | Reached XP level 2. HP: 29/29 MP: 2/2
   354 | D:1      | Reached XP level 3. HP: 31/35 MP: 3/3
   860 | D:2      | Reached skill level 1 in Invocations
  1001 | D:2      | Reached skill level 1 in Short Blades
  1001 | D:2      | Reached skill level 1 in Long Blades
  1001 | D:2      | Reached skill level 1 in Maces & Flails
  1001 | D:2      | Reached skill level 1 in Polearms
  1001 | D:2      | Reached skill level 1 in Staves
  1001 | D:2      | Reached skill level 1 in Slings
  1001 | D:2      | Reached skill level 1 in Bows
  1001 | D:2      | Reached skill level 1 in Crossbows
  1001 | D:2      | Reached skill level 1 in Throwing
  1001 | D:2      | Reached skill level 1 in Dodging
  1001 | D:2      | Reached skill level 1 in Stealth
  1001 | D:2      | Reached skill level 1 in Unarmed Combat
  1001 | D:2      | Reached skill level 1 in Spellcasting
  1001 | D:2      | Reached skill level 1 in Evocations
  1049 | D:2      | Reached XP level 4. HP: 41/41 MP: 5/5
  1113 | D:2      | Found a shimmering altar of Xom.
  1287 | D:2      | Found a runed translucent door.
  1288 | D:2      | Noticed Crazy Yiuf
  1669 | D:3      | Noticed Sigmund
  1689 | D:3      | Killed Sigmund
  1689 | D:3      | Reached skill level 1 in Conjurations
  1689 | D:3      | Reached skill level 1 in Hexes
  1689 | D:3      | Reached skill level 1 in Charms
  1689 | D:3      | Reached skill level 1 in Summonings
  1689 | D:3      | Reached skill level 1 in Necromancy
  1689 | D:3      | Reached skill level 1 in Translocations
  1689 | D:3      | Reached skill level 1 in Transmutations
  1689 | D:3      | Reached skill level 1 in Fire Magic
  1689 | D:3      | Reached skill level 1 in Ice Magic
  1689 | D:3      | Reached skill level 1 in Air Magic
  1689 | D:3      | Reached skill level 1 in Earth Magic
  1689 | D:3      | Reached skill level 1 in Poison Magic
  1689 | D:3      | Reached XP level 5. HP: 21/47 MP: 5/7
  1689 | D:3      | Reached XP level 6. HP: 24/53 MP: 5/8
  1910 | D:3      | Found a faded altar of an unknown god.
  2703 | D:4      | Reached skill level 5 in Axes
  2703 | D:4      | Reached skill level 2 in Throwing
  2899 | D:4      | Found Plog's Book Boutique.
  3222 | D:5      | Entered Level 5 of the Dungeon
  3222 | D:5      | Noticed a sky beast
  3237 | D:4      | Killed a sky beast
  3237 | D:4      | Reached XP level 7. HP: 27/59 MP: 10/10
  3465 | D:5      | Found Cehy's Assorted Antiques.
  3469 | D:5      | Bought a scroll labeled JIUSAG ODDY for 21 gold pieces
  3469 | D:5      | Bought a bubbling coppery potion for 18 gold pieces
  3493 | D:5      | Noticed Pikel
  3537 | D:5      | Killed Pikel
  3537 | D:5      | Reached XP level 8. HP: 17/67 MP: 10/12
  3763 | D:5      | Reached skill level 3 in Throwing
  4301 | D:5      | Found a sparkling altar of Nemelex Xobeh.
  5148 | D:6      | Reached XP level 9. HP: 72/72 MP: 14/14
  5483 | D:6      | Found a staircase to the Ecumenical Temple.
  5490 | Temple   | Entered the Ecumenical Temple
  5714 | Temple   | Became a worshipper of Ashenzari the Shackled
  6098 | D:6      | Reached skill level 4 in Throwing
  6549 | D:7      | Found a transporter.
  6568 | D:7      | Noticed Exodus22XD's ghost (novice DsGl)
  6595 | D:7      | Found a transporter.
  6596 | D:7      | Identified the +3 trident of the Wasp {vamp, +Inv +Fly rF+}
  6596 | D:7      | Identified the +3 ring mail "Juarph" {rPois Int+4}
  6596 | D:7      | Identified the +1 buckler of the Orb {Dex+4 Stlth+}
  6628 | D:7      | Noticed Menkaure
  6638 | D:7      | Killed Menkaure
  7100 | D:7      | Noticed a hornet
  7231 | D:7      | Found Ucvytefe's Antique Weapon Emporium.
  7266 | D:6      | Reached skill level 5 in Invocations
  7570 | D:7      | Paralysed by a hornet for 1 turns
  7617 | D:8      | Noticed a troll
  7662 | D:8      | Killed a troll
  7662 | D:8      | Reached XP level 10. HP: 19/80 MP: 9/17
  8341 | D:8      | Reached skill level 5 in Short Blades
  8341 | D:8      | Reached skill level 5 in Long Blades
  8341 | D:8      | Reached skill level 5 in Maces & Flails
  8341 | D:8      | Reached skill level 5 in Polearms
  8341 | D:8      | Reached skill level 5 in Staves
  8341 | D:8      | Reached skill level 5 in Slings
  8341 | D:8      | Reached skill level 5 in Bows
  8341 | D:8      | Reached skill level 5 in Crossbows
  8341 | D:8      | Reached skill level 5 in Throwing
  8341 | D:8      | Reached skill level 5 in Dodging
  8341 | D:8      | Reached skill level 5 in Stealth
  8341 | D:8      | Reached skill level 5 in Unarmed Combat
  8341 | D:8      | Reached skill level 5 in Spellcasting
  8341 | D:8      | Reached skill level 5 in Evocations
  9204 | D:9      | Noticed Maggie
  9243 | D:9      | Killed Maggie
  9741 | D:9      | Noticed Psyche
  9775 | D:9      | Killed Psyche
 10457 | D:9      | Noticed Prince Ribbit
 10469 | D:9      | Reached XP level 11. HP: 71/87 MP: 19/19
 10476 | D:9      | Killed Prince Ribbit
 10551 | D:9      | Reached * piety under Ashenzari
 11260 | D:10     | Entered Level 10 of the Dungeon
 11676 | D:10     | Reached skill level 6 in Throwing
 11676 | D:10     | Reached skill level 5 in Conjurations
 11676 | D:10     | Reached skill level 5 in Hexes
 11676 | D:10     | Reached skill level 5 in Charms
 11676 | D:10     | Reached skill level 5 in Summonings
 11676 | D:10     | Reached skill level 5 in Necromancy
 11676 | D:10     | Reached skill level 5 in Translocations
 11676 | D:10     | Reached skill level 5 in Transmutations
 11676 | D:10     | Reached skill level 5 in Fire Magic
 11676 | D:10     | Reached skill level 5 in Ice Magic
 11676 | D:10     | Reached skill level 5 in Air Magic
 11676 | D:10     | Reached skill level 5 in Earth Magic
 11676 | D:10     | Reached skill level 5 in Poison Magic
 11966 | D:11     | Noticed a red ugly thing
 11978 | D:11     | Killed a red ugly thing
 12919 | D:11     | Noticed a five-headed hydra
 13139 | D:11     | Identified the +5 hand axe of Propriety {elec, rPois rC+
                  | Stlth+}
 13159 | D:11     | Found a staircase to the Lair.
 13278 | D:11     | Noticed a manticore
 13304 | D:11     | Killed a manticore
 13307 | D:11     | Identified the +4 whip "Cadd" {distort, rElec}
 13784 | D:11     | Learned a level 2 spell: Shroud of Golubria
 13787 | D:11     | Learned a level 2 spell: Song of Slaying
 13819 | D:11     | Reached XP level 12. HP: 96/96 MP: 22/22
 13897 | D:11     | Reached ** piety under Ashenzari
 14165 | D:5      | Bought a scroll of identify for 42 gold pieces
 14398 | D:7      | Identified the ring "Qamnirr" {rF+ MP+9}
 14491 | D:7      | Killed Exodus22XD's ghost
 14914 | D:11     | Reached skill level 7 in Throwing
 14963 | Lair:1   | Entered Level 1 of the Lair of Beasts
 16223 | Lair:2   | Found a staircase to the Shoals.
 16578 | Lair:2   | Reached *** piety under Ashenzari
 16614 | Lair:2   | Reached skill level 8 in Throwing
 16618 | Lair:2   | Reached skill level 10 in Fighting
 16618 | Lair:2   | Reached skill level 10 in Armour
 16618 | Lair:2   | Reached skill level 10 in Shields
 17307 | Lair:3   | Noticed a death yak
 17319 | Lair:3   | Identified the +7 falchion "Hilap" {vorpal, MP+9 SInv}
 17939 | Lair:3   | Noticed a five-headed hydra
 18063 | Lair:3   | Noticed a death yak
 18064 | Lair:3   | Noticed a death yak
 18139 | Lair:4   | Found a hole to the Spider Nest.
 18145 | Lair:4   | Reached XP level 13. HP: 97/103 MP: 24/24
 18404 | Lair:4   | Noticed Kirke
 18620 | Lair:4   | Killed Kirke
 18702 | Lair:4   | Reached skill level 9 in Throwing
 19103 | Spider:1 | Entered Level 1 of the Spider Nest
 19346 | Spider:1 | Reached **** piety under Ashenzari
 19356 | Spider:1 | Noticed an entropy weaver
 19643 | Spider:1 | Noticed an emperor scorpion
 19708 | Spider:1 | Killed an entropy weaver
 20095 | Spider:1 | Found a runed translucent door.
 20144 | Spider:1 | Found the +27 Lear's hauberk
 20193 | Spider:1 | Reached skill level 10 in Throwing
 20263 | Spider:1 | Reached XP level 14. HP: 99/111 MP: 26/26
 20794 | Spider:1 | Killed an emperor scorpion
 20807 | Spider:1 | Reached skill level 10 in Axes
 20817 | Spider:1 | Noticed Nikola
 20855 | Spider:1 | Killed Nikola
 21202 | Spider:2 | Noticed Arachne
 21317 | Spider:2 | Killed Arachne
 21674 | Spider:2 | Reached skill level 10 in Invocations
 22240 | Spider:2 | Reached skill level 11 in Throwing
 22401 | Spider:3 | Identified the ring "Wutwa" {rElec rPois rF++ rC+ Dex-4}
 22417 | Spider:3 | Noticed an emperor scorpion
 22432 | Spider:3 | Noticed an emperor scorpion
 22444 | Spider:3 | Killed an emperor scorpion
 22464 | Spider:3 | Killed an emperor scorpion
 22866 | Spider:2 | Upgraded the game from 0.25.0-33-gff14898491 to
                  | 0.25.0-37-gb73750e0fb
 22968 | Spider:2 | Reached XP level 15. HP: 88/119 MP: 28/28
 23117 | Spider:3 | Noticed a ghost moth
 23130 | Spider:3 | Killed a ghost moth
 23279 | Spider:3 | Noticed an emperor scorpion
 23309 | Spider:3 | Killed an emperor scorpion
 23509 | Spider:4 | Entered Level 4 of the Spider Nest
 23582 | Spider:4 | Noticed a ghost moth
 23597 | Spider:4 | Killed a ghost moth
 24032 | Spider:4 | Reached skill level 12 in Throwing
 24050 | Spider:4 | Noticed an emperor scorpion
 24099 | Spider:4 | Reached skill level 10 in Short Blades
 24099 | Spider:4 | Reached skill level 10 in Long Blades
 24099 | Spider:4 | Reached skill level 10 in Maces & Flails
 24099 | Spider:4 | Reached skill level 10 in Polearms
 24099 | Spider:4 | Reached skill level 10 in Staves
 24099 | Spider:4 | Reached skill level 10 in Slings
 24099 | Spider:4 | Reached skill level 10 in Bows
 24099 | Spider:4 | Reached skill level 10 in Crossbows
 24099 | Spider:4 | Reached skill level 10 in Dodging
 24099 | Spider:4 | Reached skill level 10 in Stealth
 24099 | Spider:4 | Reached skill level 10 in Unarmed Combat
 24099 | Spider:4 | Reached skill level 10 in Spellcasting
 24099 | Spider:4 | Reached skill level 10 in Evocations
 24127 | Spider:4 | Killed an emperor scorpion
 24479 | Spider:4 | Noticed a ghost moth
 24510 | Spider:4 | Reached ***** piety under Ashenzari
 24751 | Spider:4 | Noticed an emperor scorpion
 24794 | Spider:4 | Killed an emperor scorpion
 25808 | Spider:4 | Killed a ghost moth
 25808 | Spider:4 | Reached XP level 16. HP: 92/127 MP: 0/30
 26323 | Spider:4 | Got a gossamer rune of Zot
 27408 | Lair:4   | Found a runed translucent gate.
 27408 | Lair:4   | Found a runed translucent gate.
 27408 | Lair:4   | Found a runed translucent gate.
 27410 | Lair:4   | Noticed kalagan's ghost (journeyman GrFi)
 27661 | Lair:5   | Reached skill level 13 in Throwing
 27962 | Lair:5   | Found a dark tunnel.
 28877 | Lair:6   | Entered Level 6 of the Lair of Beasts
 29540 | Lair:6   | Noticed Curus's ghost (journeyman DsGl)
 29552 | Lair:6   | Found a runed translucent gate.
 29552 | Lair:6   | Found a runed translucent gate.
 29552 | Lair:6   | Found a runed translucent gate.
 29590 | Lair:6   | Killed Curus's ghost
 29819 | Lair:6   | Found a staircase to the Slime Pits.
 29820 | Lair:6   | Found a viscous altar of Jiyva.
 30920 | Shoals:1 | Entered Level 1 of the Shoals
 31128 | Shoals:1 | Reached XP level 17. HP: 135/135 MP: 32/32
 31865 | Shoals:2 | Identified the +11 crystal plate armour of Otwulei {*Slow
                  | Int+7}
 32092 | Shoals:2 | Identified the +4 scale mail "Qoicaled" {Regen+ Int+3
                  | Dex+3}
 33296 | Shoals:2 | Found Tenlaack's Food Shoppe.
 33776 | Shoals:3 | Reached skill level 14 in Throwing
 34282 | Shoals:3 | Upgraded the game from 0.25.0-37-gb73750e0fb to
                  | 0.25.0-41-g26779e291d
 34477 | Shoals:3 | Learned a level 1 spell: Summon Butterflies
 34481 | Shoals:3 | Learned a level 3 spell: Tukima's Dance
 34483 | Shoals:3 | Learned a level 1 spell: Corona
 34514 | Shoals:3 | Noticed Bai Suzhen
 34911 | Shoals:3 | Learned a level 3 spell: Spectral Weapon
 35048 | Shoals:3 | Noticed Ilsuiw
 35204 | Lair:2   | Identified the +3 chain mail "Zanwaaw" {*Slow Dex+3 SInv}
                  | (You found it on level 6 of the Lair of Beasts)
 36020 | D:12     | Noticed Nessos
 36026 | D:12     | Noticed Erolcha
 36035 | D:12     | Noticed Maurice
 36041 | D:12     | Killed Erolcha
 36051 | D:12     | Killed Nessos
 36065 | D:12     | Killed Maurice
 36090 | D:12     | Found a staircase to the Orcish Mines.
 36225 | D:12     | Found a frozen archway.
 36254 | IceCv    | Entered an ice cave
 37571 | Orc:1    | Entered Level 1 of the Orcish Mines
 37787 | Orc:2    | Entered Level 2 of the Orcish Mines
 38019 | Orc:2    | Found Ypotalos's Antique Armour Boutique.
 38058 | Orc:2    | Found Balic's Jewellery Boutique.
 38090 | Orc:2    | Reached skill level 10 in Conjurations
 38090 | Orc:2    | Reached skill level 10 in Hexes
 38090 | Orc:2    | Reached skill level 10 in Charms
 38090 | Orc:2    | Reached skill level 10 in Summonings
 38090 | Orc:2    | Reached skill level 10 in Necromancy
 38090 | Orc:2    | Reached skill level 10 in Translocations
 38090 | Orc:2    | Reached skill level 10 in Transmutations
 38090 | Orc:2    | Reached skill level 10 in Fire Magic
 38090 | Orc:2    | Reached skill level 10 in Ice Magic
 38090 | Orc:2    | Reached skill level 10 in Air Magic
 38090 | Orc:2    | Reached skill level 10 in Earth Magic
 38090 | Orc:2    | Reached skill level 10 in Poison Magic
 38246 | Orc:2    | Found Gawne's Antique Weapon Shoppe.
 38534 | Orc:2    | Reached XP level 18. HP: 51/143 MP: 30/33
 38975 | Orc:1    | Found a bloodstained altar of Trog.
 39414 | Orc:2    | Found a staircase to the Elven Halls.
 39484 | Orc:2    | Found Kenib's Book Emporium.
 39501 | Orc:2    | Found Pogguh's Magic Scroll Shop.
 39526 | Orc:2    | Bought a scroll of remove curse for 42 gold pieces
 39526 | Orc:2    | Bought a scroll of blinking for 105 gold pieces
 39526 | Orc:2    | Bought a scroll of blinking for 105 gold pieces
 39526 | Orc:2    | Found Okkan's General Store.
 39539 | Orc:2    | Reached ****** piety under Ashenzari
 40046 | Elf:1    | Entered Level 1 of the Elven Halls
 40374 | D:13     | Noticed Rupert
 40391 | D:13     | Killed Rupert
 40758 | D:13     | Found a gate to the Vaults.
 40825 | D:13     | Noticed Sonja
 40836 | D:13     | Killed Sonja
 40871 | D:13     | Noticed Jorgrun
 40885 | D:13     | Killed Jorgrun
 41054 | D:13     | Paralysed by a floating eye for 2 turns
 41273 | D:13     | Got the hand crossbow "Xeryliono" {elec, *Corrode +Fly rN+
                  | MP+9}
 41403 | D:13     | Learned a level 4 spell: Olgreb's Toxic Radiance
 41802 | D:14     | Reached skill level 15 in Throwing
 41986 | D:14     | Identified the +4 hand crossbow "Xeryliono" {elec, *Corrode
                  | +Fly rN+ MP+9} (You found it on level 13 of the Dungeon)
 42016 | D:14     | Found an iron altar of Okawaru.
 42869 | D:15     | Entered Level 15 of the Dungeon
 43299 | D:15     | Noticed Josephine
 43317 | D:15     | Killed Josephine
 44117 | D:15     | Found a staircase to the Depths.
 44429 | Depths:1 | Entered Level 1 of the Depths
 44429 | Depths:1 | Found a one-way gate to the infinite horrors of the Abyss.
 44574 | Vaults:1 | Entered Level 1 of the Vaults
 44654 | Vaults:1 | Reached XP level 19. HP: 151/151 MP: 32/35
 44762 | Vaults:1 | Noticed a Tzitzimitl
 45776 | Vaults:1 | Paralysed by a floating eye for 2 turns
 47243 | Shoals:3 | Killed Ilsuiw
 47465 | Shoals:3 | Reached skill level 16 in Throwing
 47862 | Shoals:4 | Entered Level 4 of the Shoals
 48045 | Shoals:4 | Learned a level 5 spell: Silence
 48262 | Shoals:4 | Got the uncursed helmet of Puwiph {Str+4}
 48423 | Shoals:4 | Got the great mace of World Downfall {vorpal, rC++ Int+4}
 49350 | Shoals:4 | Got a barnacled rune of Zot
 49457 | Shoals:4 | Reached XP level 20. HP: 152/159 MP: 36/36
 49886 | Shoals:4 | Upgraded the game from 0.25.0-41-g26779e291d to
                  | 0.25.0-45-g978344163c
 50219 | Lair:2   | Identified a scroll of acquirement
 50361 | Lair:3   | Learned a level 6 spell: Hydra Form
 51317 | Shoals:4 | Identified the +5 helmet of Puwiph {Str+4} (You found it on
                  | level 4 of the Shoals)
 51417 | Shoals:1 | Killed Bai Suzhen
 51737 | Lair:4   | Killed kalagan's ghost
 51989 | Slime:1  | Entered Level 1 of the Pits of Slime
 52014 | Slime:1  | Gained mutation: You are frail. (-10% HP) [a shining eye]
 53090 | Depths:1 | Found a gateway to a ziggurat.
 53245 | Depths:1 | Found a one-way gate leading to the halls of Pandemonium.
 53708 | Depths:1 | Found a gateway to Hell.
 54104 | Depths:2 | Reached skill level 17 in Throwing
 54431 | Depths:2 | Found Hipp's Elemental Accessories.
 55570 | Depths:2 | Reached XP level 21. HP: 149/149 MP: 30/38
 56736 | Depths:1 | Voluntarily entered the Abyss.
 56736 | Abyss:1  | Found a corrupted altar of Lugonu.
 57089 | Abyss:1  | Noticed a bone dragon
 57110 | Abyss:1  | Paralysed by accursed screaming for 1 turns
 57135 | Abyss:1  | Killed a bone dragon
 57577 | Abyss:2  | Paralysed by accursed screaming for 1 turns
 57622 | Depths:1 | Escaped the Abyss
 58008 | Depths:1 | Learned a level 5 spell: Summon Forest
 58177 | Orc:2    | Bought a book of Air for 525 gold pieces
 58177 | Orc:2    | Bought a book of Necromancy for 450 gold pieces
 58180 | Orc:2    | Learned a level 2 spell: Swiftness
 58228 | Orc:2    | Bought a scroll of blinking for 112 gold pieces
 58271 | Orc:2    | Acquired 1020 gold pieces
 58275 | Orc:2    | Bought the ring of Sushrioh {rF+ rC+ EV+4} for 912 gold
                  | pieces
 58470 | Depths:1 | Voluntarily entered the Abyss.
 58481 | Abyss:1  | Found a corrupted altar of Lugonu.
 58664 | Abyss:1  | Found a corrupted altar of Lugonu.
 58668 | Abyss:1  | Gained mutation: You are occasionally teleported next to
                  | monsters. [a neqoxec]
 58672 | Abyss:1  | Paralysed by accursed screaming for 1 turns
 58783 | Abyss:3  | Learned a level 3 spell: Vampiric Draining
 58790 | Abyss:3  | Learned a level 6 spell: Invisibility
 59229 | Abyss:3  | Noticed a bone dragon
 59268 | Abyss:3  | Reached skill level 15 in Fighting
 59268 | Abyss:3  | Reached skill level 15 in Armour
 59268 | Abyss:3  | Reached skill level 15 in Shields
 59305 | Abyss:3  | HP: 11/226 [tentacled starspawn (7)]
 59307 | Abyss:3  | Slain by a tentacled starspawn

Illustrated notes

Levels and vault maps discovered:
D:1:      dpeg_arrival_tiny_d, layout_loops_ring
D:2:      layout_basic, xom_butterflies, uniq_crazy_yiuf_cottage
D:3:      layout_loops_corners, chequers_ecumenical_altar_simple_redux,
          first_ration, uniq_sigmund
D:4:      layout_basic, serial_shops, shop, due_unseen_surprise
D:5:      layout_basic, serial_shops, shop, nemelex_dance_club_becter,
          uniq_pikel
D:6:      minmay_thinvault, layout_basic, minmay_temple_entry_arrows,
          kennysheep_generic_room_3
D:7:      layout_gridville, gammafunk_ghost_gnarly_gnolls, serial_shops, shop,
          uniq_menkaure
D:8:      layout_loops_ring, serial_glass, glass_columns_a, glass_columns_b,
          kennysheep_boxes
D:9:      layout_layer_cave, uniq_psyche, uniq_prince_ribbit1, uniq_maggie,
          uniq_grum
D:10:     layout_rooms, grunt_ogre_cave, minmay_liquid_box
D:11:     layout_grid_maze, grunt_lair_entry_orc_guard_hut,
          minmay_alternating_orb
D:12:     layout_long_grid, erik_orc_4, portal_ice_cave_demonic_guard,
          uniq_maurice, uniq_nessos, uniq_erolcha
D:13:     layout_small_grid, david_vaults_5, david_greed, uniq_sonja,
          uniq_jorgrun, uniq_rupert
D:14:     layout_gridville, grunt_decor_one_mirror, lemuel_oklob_altar
D:15:     hangedman_depths_entry_try_elsewhere_first, layout_long_grid,
          serial_undead, serial_undead_f, serial_undead_e, serial_undead_e,
          serial_undead_d, minmay_misc_feat_alley, uniq_josephine
Temple:   roderic_octagonal_lattice_temple
Lair:1:   layout_long_grid, minmay_lair_oklob_bushes,
          chequers_serial_rivers_micro_e, st_stairs_9,
          cheibrodos_lair_caveside_slide
Lair:2:   layout_roguey, minmay_shoals_entry_centaurs, gauntlet_entry_generic
Lair:3:   layout_regular_city, grunt_megastairs_2, minmay_lair_oklob_chamber
Lair:4:   layout_loops_ring, spider_nest_entry_rubble,
          ebering_ghost_rock_garden, serial_bayou_shore_b, uniq_kirke
Lair:5:   layout_cave_pods, enter_volcano_2, beast_lair_carwin_11,
          lemuel_fruit_tree
Lair:6:   gammafunk_lair_ancient_temple, layout_cellular_growth, slime_altar_1,
          maelrawn_ghost_gauntlet_escape
Shoals:1: layout_shoals
Shoals:2: layout_shoals, serial_shops, shop
Shoals:3: layout_shoals, nicolae_shoals_siren_and_animal_friends,
          uniq_bai_suzhen, uniq_ilsuiw
Shoals:4: shoals_end_grunt_ice, layout_shoals
Spider:1: cheibrodos_spider_deadly_dance, uniq_nikola
Spider:2: layout_spider_delve, nicolae_spider_cling_halls, uniq_arachne
Spider:3: layout_spider_delve
Spider:4: johnstein_spider_rune_arachne_lair
Slime:1:  layout_caves
Orc:1:    layout_caves, trog_butcher_becter
Orc:2:    grunt_orc_gardens, layout_caves, grunt_orc_garden, grunt_orc_garden,
          grunt_orc_garden, grunt_orc_garden, serial_shops,
          nicolae_shop_temple_entry_statues_fountains, shop
Elf:1:    elf_arrival_002, layout_rooms, basic_altar, minmay_elf_demonology,
          uniq_frances
Vaults:1: nicolae_vaults_big_ls, nicolae_vaults_good_morning_starshine,
          nicolae_vaults_asterisk, vaults_mumra_minichess,
          ontoclasm_vaults_bender, nicolae_vaults_little_squares_1,
          nicolae_vaults_little_squares_2, grunt_vaults_twisty,
          hangedman_vaults_pinch, v_misc_31, v_misc_13, dpeg_vaults_monster_box,
          layout_vaults_omnibox
Depths:1: layout_gridlike, enter_ziggurat_c, abyss_entry_crystal,
          rand_demon_pan_entry_3, hangedman_tar_grid_catacomb,
          grunt_decor_arrowhead, nooodl_orcs_dogs
Depths:2: hangedman_elemental_death_ray, layout_cave_shapes,
          hangedman_decor_points, hell_entry, nicolae_elemental_shop,
          laboratory, grunt_megastairs_3, infiniplex_staircase_pillars_3a
Depths:3: lemuel_minitomb, layout_cave_pools, hell_entry,
          grunt_pan_entry_in_and_out, nrook_mini_backslash, ldierk_geyser
Abyss:3:  base: D:9, bh_abyss_xom_lugonu_altar, evilmike_abyss_exit_16,
          doesnt_abyss_rune_brain_food, guppyfry_abyss_exit_glass_guarded,
          grunt_abyss_rune_wretched_hive

Skill      XL: |  1  2  3  4  5  6  7  8  9 10 11 12 13 14 15 16 17 18 19 20 21 |
---------------+----------------------------------------------------------------+-----
Invocations    | 1 2 3 4 5 6 7 8 9 10 11 12 13 14 | 14.9
Short Blades   | 1 2 3 4 5 6 7 8 9 10 11 12 13 | 13.8
Long Blades    | 1 2 3 4 5 6 7 8 9 10 11 12 13 | 13.8
Maces & Flails | 1 2 3 4 5 6 7 8 9 10 11 12 13 | 13.8
Polearms       | 1 2 3 4 5 6 7 8 9 10 11 12 13 | 13.8
Staves         | 1 2 3 4 5 6 7 8 9 10 11 12 13 | 13.8
Slings         | 1 2 3 4 5 6 7 8 9 10 11 12 13 | 13.8
Bows           | 1 2 3 4 5 6 7 8 9 10 11 12 13 | 13.8
Crossbows      | 1 2 3 4 5 6 7 8 9 10 11 12 13 | 13.8
Throwing       | 1 2 3 4 5 6 8 10 11 12 13 14 15 16 17 | 17.6
Dodging        | 1 2 3 4 5 6 7 8 9 10 11 12 13 | 13.8
Stealth        | 1 2 3 4 5 6 7 8 9 10 11 12 13 | 13.8
Unarmed Combat | 1 2 3 4 5 6 7 8 9 10 11 12 13 | 13.8
Spellcasting   | 1 2 3 4 5 6 7 8 9 10 11 12 13 | 13.8
Evocations     | 1 2 3 4 5 6 7 8 9 10 11 12 13 | 13.8
Conjurations   | 1 2 3 4 5 6 7 8 9 10 11 | 11.9
Hexes          | 1 2 3 4 5 6 7 8 9 10 11 | 11.9
Charms         | 1 2 3 4 5 6 7 8 9 10 11 | 11.9
Summonings     | 1 2 3 4 5 6 7 8 9 10 11 | 11.9
Necromancy     | 1 2 3 4 5 6 7 8 9 10 11 | 11.9
Translocations | 1 2 3 4 5 6 7 8 9 10 11 | 11.9
Transmutations | 1 2 3 4 5 6 7 8 9 10 11 | 11.9
Fire Magic     | 1 2 3 4 5 6 7 8 9 10 11 | 11.9
Ice Magic      | 1 2 3 4 5 6 7 8 9 10 11 | 11.9
Air Magic      | 1 2 3 4 5 6 7 8 9 10 11 | 11.9
Earth Magic    | 1 2 3 4 5 6 7 8 9 10 11 | 11.9
Poison Magic   | 1 2 3 4 5 6 7 8 9 10 11 | 11.9
Axes           | 5 6 7 8 9 10 11 12 13 14 | 14.4
Fighting       | 7 8 9 10 11 12 13 14 15 | 15.0
Armour         | 7 8 9 10 11 12 13 14 15 | 15.0
Shields        | 7 8 9 10 11 12 13 14 15 | 15.0

Action                   |  1- 3 |  4- 6 |  7- 9 | 10-12 | 13-15 | 16-18 | 19-21 || total
-------------------------+-------+-------+-------+-------+-------+-------+-------++-------
Melee: War axe           |   115 |   117 |   299 |    60 |       |       |       ||   591
       Bite              |     9 |    11 |    81 |   120 |   163 |   325 |   235 ||   944
       Dagger            |       |       |   162 |     6 |       |       |       ||   168
       Whip              |       |       |    15 |       |       |       |       ||    15
       Hand axe          |       |       |    34 |   457 |  1329 |  1346 |    58 ||  3224
       Spear             |       |       |    97 |    46 |       |       |       ||   143
       Rapier            |       |       |       |   303 |       |       |       ||   303
       Flail             |       |       |       |    66 |       |       |       ||    66
       Broad axe         |       |       |       |    16 |       |       |       ||    16
       Unarmed           |       |       |       |       |    18 |       |     8 ||    26
       Trident           |       |       |       |       |       |  1120 |   680 ||  1800
       Falchion          |       |       |       |       |       |    52 |       ||    52
       Battleaxe         |       |       |       |       |       |   250 |   158 ||   408
       Punch             |       |       |       |       |       |       |     8 ||     8
       Demon trident     |       |       |       |       |       |       |   760 ||   760
       Great mace        |       |       |       |       |       |       |    93 ||    93
 Fire: Hunting sling     |       |       |       |     9 |       |       |       ||     9
Throw: Dart              |       |     5 |    18 |    11 |    29 |    18 |     6 ||    87
       Throwing net      |       |       |     1 |     1 |       |       |       ||     2
       Boomerang         |       |       |       |     3 |    13 |   134 |    46 ||   196
       Javelin           |       |       |       |       |       |       |    71 ||    71
 Cast: Shroud of Golubri |       |       |       |     4 |    48 |    31 |     9 ||    92
       Song of Slaying   |       |       |       |     5 |    13 |    23 |     3 ||    44
       Spectral Weapon   |       |       |       |       |       |    20 |    62 ||    82
       Summon Butterflie |       |       |       |       |       |     2 |     2 ||     4
       Corona            |       |       |       |       |       |     3 |     2 ||     5
       Olgreb's Toxic Ra |       |       |       |       |       |     8 |    22 ||    30
       Hydra Form        |       |       |       |       |       |       |     1 ||     1
       Swiftness         |       |       |       |       |       |       |     1 ||     1
       Silence           |       |       |       |       |       |       |     1 ||     1
Invok: Curse Item        |       |       |       |     3 |       |     4 |       ||     7
       Scrying           |       |       |       |     1 |       |     2 |     3 ||     6
 Abil: Evoke Flight      |       |       |       |       |       |     9 |    15 ||    24
       Evoke Invisibilit |       |       |       |       |       |     4 |     2 ||     6
Evoke: Wand              |       |       |       |    16 |       |    12 |    21 ||    49
       Tin of tremorston |       |       |       |       |       |     3 |     1 ||     4
  Use: Scroll            |       |     2 |     1 |    13 |    11 |    15 |    16 ||    58
       Potion            |       |       |     6 |     2 |    12 |     4 |     8 ||    32
 Stab: Invisible         |       |     1 |     7 |     4 |     7 |    13 |     9 ||    41
       Confused          |       |       |     1 |       |       |       |       ||     1
       Sleeping          |       |       |       |     8 |     5 |     9 |     1 ||    23
       Distracted        |       |       |       |     4 |     1 |     7 |    18 ||    30
       Fleeing           |       |       |       |       |     1 |       |       ||     1
       Petrified         |       |       |       |       |       |     3 |       ||     3
       Held in net/web   |       |       |       |       |       |     2 |       ||     2
       Paralysed         |       |       |       |       |       |     4 |       ||     4
  Eat: Chunk             |     1 |     3 |     7 |    22 |    10 |    38 |    15 ||    96
       Ration            |       |     1 |     3 |     5 |     5 |     8 |    11 ||    33
Armor: Scale mail        |    33 |       |    43 |    32 |       |       |       ||   108
       Plate armour      |    23 |    58 |   153 |       |       |       |       ||   234
       Swamp dragon scal |       |       |       |   161 |    57 |       |       ||   218
       Chain mail        |       |       |       |       |   677 |  1291 |   468 ||  2436
       Storm dragon scal |       |       |       |       |       |       |   200 ||   200
       Crystal plate arm |       |       |       |       |       |       |    97 ||    97
       Skin              |       |       |       |       |       |       |     3 ||     3
Dodge: Dodged            |    27 |    14 |   169 |   440 |   664 |  1075 |   634 ||  3023
Block: Kite shield       |    78 |    57 |   311 |   550 |   892 |  1447 |   765 ||  4100
       Rpst.: Falchion   |       |       |       |       |       |     4 |       ||     4
